 Dungeon Crawl Stone Soup version 0.26.1-11-gd32895ea62 (webtiles) character file.

Game seed: 13460362196484510389

13150 Almogavar the Fighter (level 12, 0/77 (99) HPs)
             Began as a Gnoll Wanderer on May 3, 2021.
             Was an Elder of Makhleb.
             Slain by Frances
             ... wielding a +2 battleaxe of freezing
              (5 damage)
             ... on level 12 of the Dungeon.
             The game lasted 00:39:03 (15415 turns).

Almogavar the Fighter (Gnoll Wanderer)             Turns: 15415, Time: 00:39:04

HP:   0/77 (99)     AC: 17    Str: 21    XL:     12   Next: 3%
MP:   22/22         EV: 21    Int: 17    God:    Makhleb [****..]
Gold: 508           SH:  0    Dex: 21    Spells: 24/24 levels left

rFire    . . .     SeeInvis +   v - +4 flail of the Devouring Wolf {drain, *Slow rF+ Int+4}
rCold    . . .     Faith    .   (no shield)
rNeg     . . .     Spirit   .   B - +0 acid dragon scales
rPois    +         Reflect  .   y - +2 helmet {SInv}
rElec    +         Harm     .   r - +0 cloak
rCorr    +         Rampage  .   m - +2 pair of gloves
Will     ++...                  d - +0 pair of boots
Stlth    +++.......             (no amulet)
HPRegen  0.22/turn              o - +6 ring of strength
MPRegen  0.18/turn              I - ring "Famujav" {rElec rPois rF- Will++ EV+4}

@: heavily drained
A: distributed training, fangs 1, strong nose
a: Renounce Religion, Minor Destruction, Lesser Servant of Makhleb, Major
Destruction


You were on level 12 of the Dungeon.
You worshipped Makhleb.
Makhleb was greatly pleased with you.
You visited 2 branches of the dungeon, and saw 13 of its levels.

You collected 802 gold pieces.
You spent 294 gold pieces at shops.

Inventory:

Hand Weapons
 a - a +2 shortbow
 k - a +2 antimagic flail
 v - the +4 flail of the Devouring Wolf (weapon) {drain, *Slow rF+ Int+4}
   (You found it on level 3 of the Dungeon)

   A truly terrible weapon, it drains the life of those it strikes.
   It affects your intelligence (+4).
   It protects you from fire.
   It may slow you when you take damage.
Missiles
 g - 89 bolts
 q - 234 arrows
Armour
 d - a +0 pair of boots (worn)
 m - a +2 pair of gloves (worn)
 r - a +0 cloak (worn)
 t - a +0 chain mail
 y - a +2 helmet of see invisible (worn)
 B - +0 acid dragon scales (worn)
Jewellery
 o - a +6 ring of strength (left hand)
 C - an uncursed ring of protection from fire
 I - the ring "Famujav" (right hand) {rElec rPois rF- Will++ EV+4}
   (You found it on level 11 of the Dungeon)

   [ring of evasion]

   It affects your evasion (+4).
   It makes you vulnerable to fire.
   It insulates you from electricity.
   It protects you from poison.
   It affects your willpower, your defense against some magical effects.
Wands
 b - a wand of disintegration (14)
 z - a wand of random effects (54)
 F - a wand of flame (10)
 K - a wand of digging (8)
Scrolls
 c - a scroll of amnesia
 e - 4 scrolls of magic mapping
 f - a scroll of teleportation
 h - 7 scrolls of enchant armour
 i - 2 scrolls of blinking
 j - a scroll of fog
 l - a scroll of summoning {unknown}
 n - 5 scrolls of remove curse
 p - a scroll of random uselessness {unknown}
 s - 5 scrolls of fear
 E - a scroll of noise {unknown}
 H - a scroll of vulnerability {unknown}
 J - a scroll of silence {unknown}
Potions
 u - 2 potions of invisibility
 w - 2 potions of haste
 x - 6 potions of curing
 A - 2 potions of degeneration {unknown}
 G - a potion of resistance {unknown}
Miscellaneous
 D - a box of beasts


   Skills:
 + Level 10.8 Fighting
 + Level 6.8 Short Blades
 + Level 6.8 Long Blades
 + Level 6.8 Axes
 + Level 7.4 Maces & Flails
 + Level 6.8 Polearms
 + Level 6.8 Staves
 + Level 6.8 Slings
 + Level 7.4 Bows
 + Level 6.8 Crossbows
 + Level 6.8 Throwing
 + Level 8.3 Armour
 + Level 6.8 Dodging
 + Level 6.8 Stealth
 + Level 6.8 Shields
 + Level 6.8 Unarmed Combat
 + Level 6.8 Spellcasting
 + Level 5.7 Conjurations
 + Level 5.7 Hexes
 + Level 5.7 Summonings
 + Level 5.7 Necromancy
 + Level 5.7 Translocations
 + Level 5.7 Transmutations
 + Level 5.7 Fire Magic
 + Level 5.7 Ice Magic
 + Level 5.7 Air Magic
 + Level 5.7 Earth Magic
 + Level 5.7 Poison Magic
 + Level 7.5 Invocations
 + Level 8.3 Evocations


You had 24 spell levels left.
You didn't know any spells.
Your spell library contained the following spells:

 Spells                   Type           Power        Failure   Level
 Beastly Appendage        Tmut           50%          1%          1
 Foxfire                  Conj/Fire      100%         1%          1
 Freeze                   Ice            100%         1%          1
 Magic Dart               Conj           100%         1%          1
 Searing Ray              Conj           50%          1%          2
 Wereblood                Tmut           25%          1%          2
 Conjure Flame            Conj/Fire      25%          4%          3
 Dazzling Flash           Conj/Hex       50%          4%          3
 Frozen Ramparts          Ice            50%          4%          3
 Inner Flame              Hex/Fire       25%          4%          3
 Ozocubu's Armour         Ice            25%          4%          3
 Spider Form              Tmut/Pois      12%          4%          3
 Fulminant Prism          Conj/Hex       12%          14%         4
 Hailstorm                Conj/Ice       25%          14%         4
 Ice Form                 Ice/Tmut       25%          14%         4
 Iskenderun's Mystic Bla  Conj/Tloc      25%          14%         4
 Sticky Flame             Conj/Fire      25%          14%         4
 Summon Ice Beast         Ice/Summ       25%          14%         4
 Blade Hands              Tmut           12%          36%         5
 Fireball                 Conj/Fire      12%          36%         5


Dungeon Overview and Level Annotations

Branches:
Dungeon (12/15)            Temple (1/1) D:6            Lair (0/6) D:9
    Orc (0/2) D:12

Altars:
Ashenzari
Cheibriados
Dithmenos
Elyvilon
Fedhas
Gozag
Hepliaklqana
Kikubaaqudgha
Makhleb
Nemelex Xobeh
Okawaru
Qazlal
Ru
Sif Muna
Trog
Uskayaw
Vehumet
Wu Jian
Xom
Yredelemnul
Zin
The Shining One
Beogh

Shops:
D:6 *   D:7 ?   D:10 =

Annotations:
D:3 1 runed translucent door
D:8 2 transporters
D:9 2 transporters
D:12 Frances


Innate Abilities, Weirdness & Mutations

Your experience applies equally to all skills.
You have very sharp teeth.
Your uncanny sense of smell can sniff out nearby items.


Message History

* * * LOW HITPOINT WARNING * * *
The freezing wraith freezes you!
* * * LOW HITPOINT WARNING * * *
The freezing wraith completely misses you.
Frances misses you.
Your orange demon stings the freezing wraith but does no damage.
Your orange demon barely misses the freezing wraith.
You feel better.
The ufetubus hits your orange demon but does no damage.
The ufetubus closely misses your orange demon.
Frances completely misses you. The freezing wraith barely misses you.
The freezing wraith hits you but does no damage.
Your orange demon stings the ufetubus from afar!
The ufetubus dies!
You sock Frances!
Frances is moderately wounded.
Frances hits you with a +2 battleaxe of freezing!
* * * LOW HITPOINT WARNING * * *
Frances freezes you.
You die...

...≈...........8#.....#..
...≈≈≈≈........########..
#≈...........# .....
#≈#######.#### +.....
#>.......# #.....
##.############ ######
###.....#45.....##
#..)#####W##..#..####
#.#.....@@W35..((.(..
#..#.#.##.###..###..# +..
#.#....#.W..# ###
#.####.###..###..#
#.#...............
#.#.#..###..###..# #<.
#..# #..# # ## ##.# #..#
#.. ....


You could see Frances (fast, drained), 2 freezing wraiths, a ynoxinul
(summoned), a quasit, an ufetubus (summoned) and a friendly orange demon
(summoned).

Vanquished Creatures
  A hydra (D:11)
  A two-headed ogre (D:9)
  An ugly thing (D:11)
  2 deep elf magi
  The ghost of Welwordion the Sneak, a novice OpMo (D:6)
  Joseph (D:8)
  Maurice (D:8)
  A centaur zombie (D:11)
  Maggie (D:8)
  An efreet (D:8)
  A troll (D:11)
  A hornet (D:7)
  Prince Ribbit (D:7)
  2 shadows (D:11)
  3 yaks (D:12)
  2 wraiths
  4 vampire mosquitoes (D:12)
  A soldier ant (D:11)
  2 water moccasins
  3 sky beasts
  5 ice beasts
  3 orc warriors
  A necrophage (D:12)
  4 phantoms
  4 black bears
  8 centaurs
  5 ogres
  4 big kobolds
  6 bullfrogs
  The ghost of Descartes the Covert, an amateur FeWn (D:3)
  A water moccasin zombie (D:5)
  A wyvern skeleton (D:12)
  3 scorpions
  A water moccasin skeleton (D:7)
  10 killer bees (D:11)
  5 wights (D:11)
  An electric eel (D:6)
  2 howler monkeys (D:10)
  2 bullfrog zombies
  8 hounds
  3 orc priests
  3 bullfrog skeletons
  A jelly (D:7)
  A gnoll shaman (D:8)
  2 centaur skeletons
  2 iguanas (D:5)
  9 worker ants
  6 orc wizards
  A hound zombie (D:5)
  2 howler monkey skeletons (D:8)
  17 gnolls
  9 adders
  A river rat (D:3)
  2 shadow imps
  3 white imps (D:6)
  3 ufetubi
  An adder zombie (D:7)
  An ooze (D:3)
  An adder skeleton (D:9)
  5 worms
  3 dart slugs
  5 leopard geckos
  45 orcs
  7 giant cockroaches
  34 goblins
  37 hobgoblins
  4 jackals
  19 kobolds
  A quokka (D:3)
  2 ball pythons (D:1)
  7 bats
  4 frilled lizards
  A quokka skeleton (D:4)
  8 rats
356 creatures vanquished.

Vanquished Creatures (others)
  5 fungi (D:9)
  3 plants (D:9)
8 creatures vanquished.

Grand Total: 364 creatures vanquished

Notes
Turn   | Place    | Note
-------+----------+-------------------------------------------
     0 | D:1      | Almogavar the Gnoll Wanderer began the quest for the Orb.
     0 | D:1      | Almogavar set off with the following items: a +2 shortbow,
                  | 28 arrows, a potion of lignification, a +0 ring mail
     0 | D:1      | Reached XP level 1. HP: 26/26 MP: 1/1
    95 | D:1      | Reached XP level 2. HP: 33/33 MP: 2/2
   261 | D:1      | Reached XP level 3. HP: 21/38 MP: 1/3
   614 | D:1      | Reached skill level 1 in Invocations
   651 | D:1      | Reached skill level 1 in Short Blades
   651 | D:1      | Reached skill level 1 in Long Blades
   651 | D:1      | Reached skill level 1 in Axes
   651 | D:1      | Reached skill level 1 in Polearms
   651 | D:1      | Reached skill level 1 in Staves
   651 | D:1      | Reached skill level 1 in Slings
   651 | D:1      | Reached skill level 1 in Crossbows
   651 | D:1      | Reached skill level 1 in Throwing
   651 | D:1      | Reached skill level 1 in Dodging
   651 | D:1      | Reached skill level 1 in Stealth
   651 | D:1      | Reached skill level 1 in Shields
   651 | D:1      | Reached skill level 1 in Unarmed Combat
   651 | D:1      | Reached skill level 1 in Spellcasting
   884 | D:2      | Reached XP level 4. HP: 45/45 MP: 5/5
  1126 | D:2      | Reached skill level 1 in Conjurations
  1126 | D:2      | Reached skill level 1 in Hexes
  1126 | D:2      | Reached skill level 1 in Summonings
  1126 | D:2      | Reached skill level 1 in Necromancy
  1126 | D:2      | Reached skill level 1 in Translocations
  1126 | D:2      | Reached skill level 1 in Transmutations
  1126 | D:2      | Reached skill level 1 in Fire Magic
  1126 | D:2      | Reached skill level 1 in Ice Magic
  1126 | D:2      | Reached skill level 1 in Air Magic
  1126 | D:2      | Reached skill level 1 in Earth Magic
  1126 | D:2      | Reached skill level 1 in Poison Magic
  1321 | D:2      | Found a shadowy altar of Dithmenos.
  1347 | D:2      | Reached XP level 5. HP: 51/51 MP: 6/6
  1856 | D:2      | Found a stormy altar of Qazlal.
  2494 | D:3      | Found a runed translucent door.
  2650 | D:3      | Found a runed translucent door.
  2652 | D:3      | Noticed Descartes's ghost (amateur FeWn)
  2883 | D:3      | Reached XP level 6. HP: 56/57 MP: 2/8
  3308 | D:3      | Killed Descartes's ghost
  3309 | D:3      | Reached skill level 5 in Armour
  3309 | D:3      | Reached skill level 5 in Evocations
  3323 | D:3      | Got an encrusted flail
  3324 | D:3      | Identified the +4 flail of the Devouring Wolf {drain, *Slow
                  | rF+ Int+4} (You found it on level 3 of the Dungeon)
  3865 | D:4      | Found a basalt altar of Yredelemnul.
  3996 | D:4      | Reached XP level 7. HP: 63/63 MP: 10/10
  4503 | D:5      | Entered Level 5 of the Dungeon
  4524 | D:5      | Reached skill level 9 in Fighting
  4543 | D:5      | Reached XP level 8. HP: 15/71 MP: 10/12
  5314 | D:5      | Found an ornate altar of the Wu Jian Council.
  5538 | D:6      | Found Owunor's General Store.
  5550 | D:6      | Bought a potion of curing for 36 gold pieces
  5550 | D:6      | Bought a +2 helmet of see invisible for 258 gold pieces
  5579 | D:6      | Found a broken altar of Ashenzari.
  6040 | D:6      | Found a staircase to the Ecumenical Temple.
  6048 | Temple   | Entered the Ecumenical Temple
  6113 | Temple   | Became a worshipper of Makhleb the Destroyer
  6410 | D:6      | Found a sparkling altar of Nemelex Xobeh.
  6797 | D:6      | Reached * piety under Makhleb
  6855 | D:6      | Reached XP level 9. HP: 69/76 MP: 14/14
  7350 | D:6      | Found a white marble altar of Elyvilon.
  7460 | D:6      | Found a runed translucent door.
  7463 | D:6      | Noticed Welwordion's ghost (novice OpMo)
  7834 | D:6      | Killed Welwordion's ghost
  7835 | D:6      | Reached skill level 5 in Maces & Flails
  7835 | D:6      | Reached skill level 5 in Bows
  8082 | D:7      | Found Plog's Magic Scroll Shoppe.
  8112 | D:7      | Noticed Prince Ribbit
  8122 | D:7      | Killed Prince Ribbit
  8224 | D:7      | Reached skill level 5 in Invocations
  8314 | D:7      | Reached ** piety under Makhleb
  8916 | D:7      | Noticed a hornet
  8924 | D:7      | Killed a hornet
  8925 | D:7      | Reached XP level 10. HP: 84/85 MP: 17/17
  9269 | D:8      | Noticed Maurice
  9285 | D:8      | Killed Maurice
  9286 | D:8      | Reached skill level 5 in Short Blades
  9286 | D:8      | Reached skill level 5 in Long Blades
  9286 | D:8      | Reached skill level 5 in Axes
  9286 | D:8      | Reached skill level 5 in Polearms
  9286 | D:8      | Reached skill level 5 in Staves
  9286 | D:8      | Reached skill level 5 in Slings
  9286 | D:8      | Reached skill level 5 in Crossbows
  9286 | D:8      | Reached skill level 5 in Throwing
  9286 | D:8      | Reached skill level 5 in Dodging
  9286 | D:8      | Reached skill level 5 in Stealth
  9286 | D:8      | Reached skill level 5 in Shields
  9286 | D:8      | Reached skill level 5 in Unarmed Combat
  9286 | D:8      | Reached skill level 5 in Spellcasting
  9686 | D:8      | Noticed Maggie
  9710 | D:8      | Killed Maggie
  9711 | D:8      | Reached skill level 10 in Fighting
 10176 | D:8      | Noticed Joseph
 10200 | D:8      | Noticed a +0 dagger
 10481 | D:8      | Noticed a +0 dagger
 10483 | D:8      | Found a hide-covered altar of Uskayaw.
 10584 | D:8      | Killed Joseph
 11092 | D:8      | Found a transporter.
 11097 | D:8      | Noticed a centaur warrior
 11100 | D:8      | Found a transporter.
 11102 | D:8      | Noticed a harpy
 11107 | D:8      | Found an ancient bone altar of Kikubaaqudgha.
 11556 | D:9      | Found a staircase to the Lair.
 11567 | D:9      | Found a transporter.
 11734 | D:9      | Noticed a kobold demonologist
 11734 | D:9      | Noticed an orc high priest
 11735 | D:9      | Found a transporter.
 11735 | D:9      | Noticed an orc sorcerer
 11740 | D:9      | Noticed a kobold demonologist
 11860 | D:9      | Noticed a two-headed ogre
 11866 | D:9      | Killed a two-headed ogre
 11867 | D:9      | Reached XP level 11. HP: 91/91 MP: 19/19
 12434 | D:10     | Entered Level 10 of the Dungeon
 12434 | D:10     | Found Tont's Jewellery Shoppe.
 12533 | D:10     | Reached *** piety under Makhleb
 13102 | D:11     | Noticed a five-headed hydra
 13109 | D:10     | Reached skill level 5 in Conjurations
 13109 | D:10     | Reached skill level 5 in Hexes
 13109 | D:10     | Reached skill level 5 in Summonings
 13109 | D:10     | Reached skill level 5 in Necromancy
 13109 | D:10     | Reached skill level 5 in Translocations
 13109 | D:10     | Reached skill level 5 in Transmutations
 13109 | D:10     | Reached skill level 5 in Fire Magic
 13109 | D:10     | Reached skill level 5 in Ice Magic
 13109 | D:10     | Reached skill level 5 in Air Magic
 13109 | D:10     | Reached skill level 5 in Earth Magic
 13109 | D:10     | Reached skill level 5 in Poison Magic
 13350 | D:11     | Noticed a deep elf mage
 13365 | D:11     | Killed a deep elf mage
 13415 | D:11     | Killed a five-headed hydra
 13972 | D:11     | Noticed a purple ugly thing
 13983 | D:11     | Killed a purple ugly thing
 14619 | D:11     | Reached **** piety under Makhleb
 14771 | D:11     | Got a scintillating golden ring
 14773 | D:11     | Identified the ring "Famujav" {rElec rPois rF- Will++ EV+4}
                  | (You found it on level 11 of the Dungeon)
 15160 | D:12     | Noticed a deep elf mage
 15169 | D:12     | Killed a deep elf mage
 15283 | D:12     | Found a staircase to the Orcish Mines.
 15314 | D:12     | Found a roughly hewn altar of Beogh.
 15327 | D:12     | Reached XP level 12. HP: 74/97 MP: 22/22
 15351 | D:12     | Got an ivory spear
 15352 | D:12     | Identified the cursed +2 spear of Mastery {chaos, *Drain
                  | rPois rN+} (You found it on level 12 of the Dungeon)
 15400 | D:12     | Noticed Frances
 15415 | D:12     | Slain by Frances

Illustrated notes

Levels and vault maps discovered:
D:1:      dpeg_arrival_castle, layout_rooms
D:2:      layout_basic, lemuel_crystal_altar, grunt_qazlal_sundering,
          minmay_misc_feat_more_columns
D:3:      layout_loops_ring, ebering_ghost_sewer_f
D:4:      layout_basic, old_standard_altar
D:5:      minmay_spotlight, layout_rooms, nzn_wu_jian_contemplation
D:6:      minmay_goblin_kobold_castle, layout_layer_cave,
          nicolae_overflow_hidden_temple, overflow_temple_1_default,
          temple_statues, basic_altar, ebering_ghost_reflecting_pool,
          serial_shops, shop
D:7:      layout_cave_pods, serial_shops, shop, uniq_prince_ribbit1
D:8:      layout_loops_ring, dancing_weapons_uskayaw,
          gammafunk_temple_overflow_arena, uniq_maurice, uniq_maggie,
          uniq_joseph
D:9:      gammafunk_wand_slinger, layout_rooms, dpeg_oklobed_lair, st_stairs_10
D:10:     layout_rooms, serial_shops, shop
D:11:     layout_roguey
D:12:     layout_roguey, minmay_orc_entry_temple_small, serial_shops, shop,
          serial_rivers, chequers_serial_rivers_micro_c,
          chequers_serial_rivers_micro_e, chequers_serial_rivers_marsh,
          chequers_serial_rivers_micro_a, chequers_serial_rivers_small_3,
          chequers_serial_rivers_small_b, nicolae_elemental_shop,
          minmay_misc_feat_nine_boxes, uniq_frances, uniq_kirke
Temple:   eino_temple_water

Skill      XL: |  1  2  3  4  5  6  7  8  9 10 11 |
---------------+----------------------------------+-----
Invocations    | 1 2 3 4 5 6 7 |  7.5
Short Blades   | 1 2 3 4 5 6 |  6.8
Long Blades    | 1 2 3 4 5 6 |  6.8
Axes           | 1 2 3 4 5 6 |  6.8
Polearms       | 1 2 3 4 5 6 |  6.8
Staves         | 1 2 3 4 5 6 |  6.8
Slings         | 1 2 3 4 5 6 |  6.8
Crossbows      | 1 2 3 4 5 6 |  6.8
Throwing       | 1 2 3 4 5 6 |  6.8
Dodging        | 1 2 3 4 5 6 |  6.8
Stealth        | 1 2 3 4 5 6 |  6.8
Shields        | 1 2 3 4 5 6 |  6.8
Unarmed Combat | 1 2 3 4 5 6 |  6.8
Spellcasting   | 1 2 3 4 5 6 |  6.8
Conjurations   | 1 2 3 4 5 |  5.7
Hexes          | 1 2 3 4 5 |  5.7
Summonings     | 1 2 3 4 5 |  5.7
Necromancy     | 1 2 3 4 5 |  5.7
Translocations | 1 2 3 4 5 |  5.7
Transmutations | 1 2 3 4 5 |  5.7
Fire Magic     | 1 2 3 4 5 |  5.7
Ice Magic      | 1 2 3 4 5 |  5.7
Air Magic      | 1 2 3 4 5 |  5.7
Earth Magic    | 1 2 3 4 5 |  5.7
Poison Magic   | 1 2 3 4 5 |  5.7
Maces & Flails | 3 4 5 6 7 |  7.4
Bows           | 3 4 5 6 7 |  7.4
Armour         | 5 6 7 8 |  8.3
Evocations     | 5 6 7 8 |  8.3
Fighting       | 9 10 | 10.8

Action                   |  1- 3 |  4- 6 |  7- 9 | 10-12 || total
-------------------------+-------+-------+-------+-------++-------
Melee: Flail             |       |   106 |   202 |   294 ||   602
       Bite              |       |    13 |    22 |    50 ||    85
       Punch             |       |     3 |     4 |    17 ||    24
 Fire: Shortbow          |    71 |    91 |   160 |   347 ||   669
Invok: Lesser Servant of |       |       |       |     1 ||     1
  Use: Scroll            |     4 |     4 |     4 |     3 ||    15
       Potion            |       |       |     2 |     1 ||     3
 Stab: Sleeping          |       |       |     3 |     2 ||     5
Armor: Ring mail         |     5 |    20 |    99 |    14 ||   138
       Scale mail        |       |     9 |       |       ||     9
       Acid dragon scale |       |       |       |   151 ||   151
Dodge: Dodged            |    11 |    69 |   187 |   331 ||   598
